Map: 16-Bit LE

Players

Optimus - Winner!

  • Race: Terran Terran
  • League: Master
  • Spawn Location: 1:00

YoGo

  • Race: Zerg Zerg
  • League: Grandmaster
  • Spawn Location: 7:00

Event: HomeStory Cup XVII

VOD

Have the link to the VOD?

Description

Time

  • Played on: June 28, 2018, 4:23 p.m.
  • Length: 12:52

All games in this series

Show
View Real Time Build Order
Export as new Build Order

Optimus Terran - Winner!

Build Orders: Bio Tank 

Get SALT Encoding   

  12  0:00  SCV  
  13  0:12  SCV  
  14  0:17  Supply Depot  
  14  0:25  SCV  
  15  0:39  SCV  
  15  0:40  Barracks  
  16  0:44  Refinery  
  16  0:53  SCV  
  17  1:00  Barracks  
  17  1:05  SCV  
  18  1:17  Barracks  
  18  1:23  SCV  
  19  1:28  Reaper  
  20  1:33  Refinery  
  20  1:47  Reaper  
  20  1:50  Orbital Command  
  21  1:59  Supply Depot  
  21  2:04  Reaper  
  22  2:09  Reaper  
  23  2:21  Reaper, SCV  
  25  2:33  SCV  
  25  2:36  Reaper  
  27  2:41  Reaper  
  28  2:45  SCV  
  29  2:53  Reaper  
  29  2:54  Supply Depot  
  29  2:57  SCV  
  31  3:15  Reaper, SCV  
  33  3:25  Command Center  
  33  3:26  Reaper  
  34  3:27  SCV  
  34  3:30  Factory  
  35  3:36  Barracks Tech Lab  
  35  3:49  Barracks Reactor  
  35  3:50  SCV  
  35  3:55  Marine  
  37  3:57  Stimpack  
  37  4:03  SCV  
  37  4:05  Barracks Reactor  
  38  4:11  Supply Depot  
  38  4:15  SCV  
  39  4:32  Factory Reactor, Marine x3, SCV  
  39  4:34  Starport  
  39  4:38  Orbital Command  
  43  4:43  Marine x2  
  45  4:45  SCV  
  45  4:50  Marine  
  45  4:52  Supply Depot, Marine  
  47  4:54  Marine  
  47  4:58  SCV  
  50  5:03  Marine x2  
  50  5:06  SCV  
  53  5:08  Marine  
  53  5:10  SCV  
  55  5:15  Supply Depot, Marine  
  55  5:16  Marine  
  55  5:21  Medivac x2  
  61  5:23  SCV  
  61  5:24  SCV  
  61  5:27  Factory Tech Lab  
  63  5:29  Marine  
  63  5:31  Marine x2  
  66  5:35  SCV  
  66  5:40  Engineering Bay  
  66  5:41  Engineering Bay, SCV  
  68  5:47  Supply Depot, SCV  
  68  5:49  Marine  
  69  5:53  SCV  
  74  5:57  Marine x2  
  74  6:00  SCV  
  74  6:01  Combat Shields  
  74  6:03  Marine x2  
  76  6:05  SCV  
  76  6:06  Supply Depot  
  77  6:11  Terran Infantry Armor Level 1, Terran Infantry Weapons Level 1  
  77  6:12  SCV  
  78  6:19  SCV  
  78  6:20  Marine x2  
  78  6:24  SCV  
  82  6:35  Siege Tank  
  82  6:39  Command Center  
  83  7:01  Medivac  
  78  7:05  Barracks x2  
  78  7:08  SCV  
  78  7:09  Refinery x2  
  78  7:10  Supply Depot  
  78  7:14  SCV  
  79  7:18  Armory  
  79  7:20  Marine, SCV  
  79  7:21  Supply Depot, Marine x4  
  85  7:26  SCV  
  85  7:32  Supply Depot, SCV  
  85  7:33  Siege Tank  
  78  7:38  Marine x3, SCV  
  78  7:39  Marine x2  
  84  7:44  SCV  
  84  7:51  SCV  
  85  7:54  Orbital Command  
  85  7:55  Barracks Reactor x2  
  85  7:57  SCV  
  86  7:59  Marine x2  
  86  8:00  Supply Depot, Marine x3  
  86  8:03  SCV  
  92  8:09  SCV  
  93  8:15  SCV  
  93  8:16  Terran Infantry Armor Level 2, Terran Infantry Weapons Level 2  
  93  8:19  Orbital Command  
  94  8:21  Marine  
  94  8:23  SCV  
  94  8:27  Marine x4, SCV  
  96  8:32  Siege Tank  
  104  8:37  Marine x3  
  104  8:38  SCV  
  104  8:39  Marine, SCV  
  110  8:44  Marine  
  111  8:55  Medivac x2  
  116  8:59  Refinery  
  116  9:01  Refinery, Factory, Marine x5  
  120  9:03  Marine  
  120  9:12  Marine  
  120  9:14  SCV  
  120  9:15  SCV  
  120  9:17  Supply Depot x2, Siege Tank  
  123  9:19  Marine x6  
  132  9:26  Marine x2  
  132  9:30  Marine  
  132  9:31  Medivac  
  136  9:36  Marine  
  136  9:37  Marine x2  
  139  9:39  Medivac  
  141  9:49  Siege Tank  
  141  9:52  Factory Tech Lab  
  144  9:53  Supply Depot x2, Marine x6  
  144  9:54  Marine x3  
  144  9:59  Terran Vehicle Weapons Level 1  
  153  10:12  Marine, Siege Tank  
  157  10:14  Marine x2  
  157  10:15  Command Center, Marine x3  
  157  10:20  Supply Depot  
  162  10:21  Supply Depot, Siege Tank  
  162  10:23  Medivac x2  
  169  10:36  Marine x2  
  169  10:37  Marine x2  
  169  10:41  Marine x5  
  178  10:43  Supply Depot  
  178  10:44  Supply Depot, Siege Tank  
  181  10:54  Marine  
  182  11:00  Siege Tank  
  169  11:06  Marine  
  169  11:07  Marine x7  
  177  11:12  Marine  
  177  11:16  Siege Tank  
  181  11:24  Marine x4  
  184  11:32  Siege Tank  
  183  11:39  Marine x5  
  188  11:42  Marine x4  
  192  11:48  Siege Tank  
  195  11:56  Marine  
  195  11:57  Marine  
  195  12:01  Marine x4  
  200  12:09  Missile Turret  
  199  12:21  Ghost Academy  
  199  12:22  Ghost Academy  
  198  12:23  Barracks  
  198  12:24  Barracks  
  198  12:25  Barracks  
  198  12:27  Marine  
  198  12:28  Marine x3  
Show
View Real Time Build Order
Export as new Build Order

YoGo Zerg 

Build Orders: Hatch First 

Get SALT Encoding   

  12  0:00  Drone  
  13  0:16  Overlord  
  13  0:18  Drone  
  14  0:34  Drone x2  
  16  0:51  Hatchery  
  16  0:53  Drone  
  16  0:57  Drone  
  16  1:00  Drone  
  18  1:10  Extractor  
  17  1:16  Spawning Pool  
  16  1:20  Drone  
  16  1:22  Drone  
  18  1:31  Drone  
  19  1:44  Overlord  
  19  2:03  Queen x2  
  19  2:04  Zergling x4  
  19  2:05  Zergling x2  
  26  2:12  Metabolic Boost  
  27  2:15  Drone  
  27  2:18  Drone  
  29  2:30  Drone x2  
  28  2:46  Zergling x2, Hatchery  
  28  2:49  Zergling x2  
  29  2:55  Zergling x4  
  31  2:59  Spine Crawler  
  31  3:02  Zergling x2  
  30  3:08  Zergling x4  
  31  3:13  Zergling x4  
  31  3:19  Zergling x6  
  36  3:26  Zergling x4  
  35  3:39  Overlord x2  
  35  3:42  Spine Crawler  
  35  3:47  Zergling x4  
  34  3:57  Zergling x4  
  36  4:05  Drone  
  36  4:06  Drone x3  
  36  4:09  Drone  
  41  4:15  Drone  
  41  4:16  Drone  
  43  4:20  Drone  
  44  4:32  Drone  
  44  4:33  Drone x4  
  44  4:36  Drone x2  
  51  4:42  Drone  
  52  4:48  Drone x3  
  55  4:54  Drone  
  55  4:56  Evolution Chamber  
  55  4:58  Drone x2  
  57  5:05  Drone  
  57  5:12  Overlord  
  57  5:13  Overlord x2  
  57  5:16  Drone  
  58  5:22  Zerg Melee Weapons Level 1  
  58  5:28  Extractor  
  57  5:29  Overlord x2, Queen  
  57  5:32  Drone x3  
  57  5:33  Drone x2  
  64  5:36  Drone x3  
  64  5:41  Spore Crawler  
  66  5:44  Drone x4  
  70  5:50  Queen  
  70  5:54  Drone x4  
  76  5:59  Zergling x4  
  78  6:07  Hatchery  
  78  6:08  Evolution Chamber  
  78  6:11  Zergling x2  
  77  6:13  Baneling Nest  
  77  6:15  Zergling x8  
  80  6:20  Zergling x6  
  80  6:25  Zergling x4  
  85  6:32  Zergling x4  
  85  6:36  Zergling x4  
  85  6:38  Zergling x4  
  85  6:39  Zergling x2  
  89  6:44  Overlord  
  89  6:45  Overlord x3  
  87  6:54  Zergling x8  
  69  6:58  Zergling x2  
  69  7:01  Zergling x2  
  58  7:02  Zergling x2  
  58  7:05  Baneling x2  
  58  7:06  Queen  
  58  7:07  Baneling  
  58  7:08  Zergling x6  
  63  7:09  Zergling x2  
  63  7:11  Zergling x2  
  63  7:15  Spawning Pool  
  64  7:16  Zergling x2  
  64  7:19  Zergling x2  
  65  7:24  Zergling x4  
  60  7:46  Drone x6  
  66  7:51  Hatchery, Drone, Extractor  
  66  7:54  Drone  
  66  8:05  Drone x2  
  68  8:06  Baneling x4  
  68  8:11  Burrow, Drone, Hatchery  
  68  8:12  Zerg Ground Armor Level 1  
  68  8:16  Drone  
  68  8:19  Drone  
  71  8:20  Drone x2  
  71  8:23  Queen  
  71  8:24  Drone  
  75  8:28  Drone  
  74  8:37  Spore Crawler  
  74  8:38  Zergling x4  
  75  8:42  Extractor  
  74  8:51  Zergling x10  
  79  8:58  Queen  
  79  8:59  Zergling x4  
  83  9:07  Overlord  
  83  9:12  Zergling x4  
  85  9:19  Lair  
  85  9:20  Zergling x6  
  85  9:21  Queen  
  90  9:25  Zergling x4  
  90  9:26  Baneling x3  
  90  9:34  Queen  
  90  9:36  Zergling x8  
  93  9:48  Zergling x14  
  93  9:52  Spore Crawler  
  99  9:53  Overlord  
  99  9:54  Overlord x3  
  99  9:58  Zergling x4  
  101  10:04  Queen, Zergling x4  
  102  10:12  Evolution Chamber  
  101  10:15  Zergling x12  
  101  10:18  Hydralisk Den  
  106  10:21  Zergling x12  
  106  10:23  Queen  
  106  10:24  Baneling x2  
  106  10:25  Baneling x2  
  106  10:26  Zerg Ground Armor Level 2  
  114  10:31  Infestation Pit  
  114  10:32  Baneling x18  
  113  10:35  Zergling x2  
  113  10:36  Zergling x6  
  113  10:41  Zergling x8  
  121  10:45  Centrifical Hooks  
  121  10:48  Baneling x3  
  121  10:50  Zergling x4  
  121  10:56  Overlord  
  114  11:06  Zergling x16  
  118  11:17  Baneling  
  117  11:19  Zergling x16  
  117  11:21  Baneling  
  121  11:27  Zergling x10  
  121  11:30  Zergling x2  
  120  11:39  Zergling x6  
  123  11:41  Queen  
  125  11:50  Zergling x16  
  125  11:52  Baneling x2  
  131  12:00  Zergling x12  
  125  12:08  Zergling x2  
  125  12:09  Zergling x4  
  127  12:16  Zergling x4  
  127  12:17  Baneling  
  127  12:18  Baneling x13  
  119  12:28  Zergling x12  
  108  12:34  Zergling x2  
Tags
 
Add a new tag
Caveats
  • Supply blocks, unpowered buildings, or Contaminate may cause inaccurate times.
  • Supply counts are checked every 10 seconds.